 Dungeon Crawl Stone Soup version 0.21.1-1-g345015fe64 (webtiles) character file.

88 Ikesh the Caller (level 4, -3/36 HPs)
             Began as a Naga Summoner on Feb 10, 2018.
             Was an Initiate of Sif Muna.
             Slain by Crazy Yiuf
             ... wielding a +4 quarterstaff of chaos
              (8 damage)
             ... on level 2 of the Dungeon.
             The game lasted 00:16:30 (2398 turns).

Ikesh the Caller (Naga Summoner)                    Turns: 2398, Time: 00:16:31

Health: -3/36      AC:  2    Str: 10    XL:     4   Next: 54%
Magic:  1/8        EV: 10    Int: 16    God:    Sif Muna [......]
Gold:   119        SH:  5    Dex: 12    Spells: 2/8 levels left

rFire    . . .     SeeInvis +   h - +0 dagger
rCold    . . .     Gourm    .   (no shield)
rNeg     . . .     Faith    .   g - +0 robe
rPois    +         Spirit   .   (no helmet)
rElec    .         Reflect  +   (no cloak)
rCorr    .         Harm     .   (no gloves)
MR       .....                  (no barding)
Stlth    ++........             i - +5 amulet of reflection
HPRegen  0.12/turn              (no ring)
MPRegen  0.11/turn              (no ring)

@: very slightly contaminated, very slow
A: large, see invisible, deformed body, poison resistance, slowness 2, slow
metabolism 1, spit poison 1, AC +1
a: Spit Poison, Renounce Religion


You were on level 2 of the Dungeon.
You worshipped Sif Muna.
Sif Muna was noncommittal.
You were not hungry.

You visited 1 branch of the dungeon, and saw 2 of its levels.

You collected 119 gold pieces.

Inventory:

Hand Weapons
 h - a +0 dagger (weapon)
Missiles
 d - 92 stones (quivered)
Armour
 g - a +0 robe (worn)
Jewellery
 i - a +5 amulet of reflection (around neck)
Books
 b - a book of Callings

   Spells                             Type                      Level
   a - Summon Small Mammal            Summoning                    1
   b - Call Imp                       Summoning                    2
   c - Call Canine Familiar           Summoning                    3
   d - Summon Guardian Golem          Hexes/Summoning              3
   e - Summon Lightning Spire         Summoning/Air                4
   f - Summon Ice Beast               Ice/Summoning                4
Comestibles
 a - 2 chunks of flesh
 c - 4 rations


   Skills:
 + Level 0.1 Fighting
 + Level 1.5 Short Blades
 + Level 2.0 Dodging
 + Level 3.3 Stealth
 + Level 2.7 Spellcasting
 + Level 4.7 Summonings


You had 2 spell levels left.
You knew the following spells:

 Your Spells              Type           Power        Failure   Level  Hunger
a - Summon Small Mammal   Summ           ###.         2%          1    #......
b - Call Imp              Summ           ###.....     4%          2    ##.....
c - Call Canine Familiar  Summ           ###.....     9%          3    ###....


Dungeon Overview and Level Annotations

Branches:
Dungeon (2/15)

Altars:
Sif Muna
The Shining One

Annotations:
D:2 Crazy Yiuf


Innate Abilities, Weirdness & Mutations

You cannot wear boots.
Your serpentine skin is tough. (AC +1)
You have supernaturally acute eyesight. (SInv)
Armour fits poorly on your strangely shaped body.
Your system is resistant to poisons. (rPois)
You cover ground very slowly.
You have a slow metabolism.
You can spit poison.


Message History

Your crimson imp blinks!
Crazy Yiuf hits your rat with a quarterstaff of chaos.
Your rat dies!
Your rat's corpse disappears in a puff of smoke!
Crazy Yiuf yells, "Shower!"
You hit Crazy Yiuf but do no damage.
Crazy Yiuf is heavily wounded.
You barely miss Crazy Yiuf.
Crazy Yiuf is heavily wounded.
Crazy Yiuf laughs, "Island!"
Crazy Yiuf hits you with a quarterstaff of chaos.
* * * LOW HITPOINT WARNING * * *
You barely miss Crazy Yiuf.
Crazy Yiuf is heavily wounded.
You block Crazy Yiuf's attack.
You hit Crazy Yiuf but do no damage.
Crazy Yiuf is heavily wounded.
Your crimson imp blinks!
Crazy Yiuf hits you with a quarterstaff of chaos!
You die...

# #)..#♣♣
♣♣.+..## #
#...'§♣♣♣♣......#
#
#...#♣g.♣..♣g...#
# ####
♣♣♣§♣5.+.#.# ##
♣♣♣♣♣###.# .#
##§# .## ###
###### #..# ..#
#.# #.##.###g##
..#
#.###.##...@.#
###
#.......)##### #
#####.#### ## #.#
.## #.# ..##
###.# ...## #...#
....####...##
....'.......#


You could see Crazy Yiuf.

Vanquished Creatures
  3 adders (D:2)
  A dart slug (D:2)
  2 bats (D:2)
  2 goblins
  3 hobgoblins
  3 kobolds (D:2)
  A ball python (D:2)
  2 frilled lizards (D:2)
  4 rats
21 creatures vanquished.

Vanquished Creatures (collateral kills)
  Natasha (twice) (D:2)
  An adder (D:2)
  A worm (D:2)
  A dart slug (D:2)
  A leopard gecko (D:1)
  A bat (D:2)
  A giant cockroach (D:2)
  2 goblins
  A hobgoblin (D:2)
  4 jackals (D:2)
  A ball python (D:1)
  2 kobolds (D:2)
  A quokka skeleton (D:2)
  A rat (D:1)
20 creatures vanquished.

Grand Total: 41 creatures vanquished

Notes
Turn   | Place    | Note
-------+----------+-------------------------------------------
     0 | D:1      | Ikesh the Naga Summoner began the quest for the Orb.
     0 | D:1      | Reached XP level 1. HP: 15/15 MP: 3/3
   578 | D:1      | Reached XP level 2. HP: 22/22 MP: 0/5
   582 | D:1      | Learned a level 2 spell: Call Imp
   931 | D:2      | Found a glowing golden altar of the Shining One.
  1266 | D:2      | Reached XP level 3. HP: 23/28 MP: 3/6
  1588 | D:2      | Noticed Natasha
  1698 | D:2      | Learned a level 3 spell: Call Canine Familiar
  1857 | D:2      | Found a runed door.
  2039 | D:2      | Reached skill level 1 in Short Blades
  2039 | D:2      | Reached XP level 4. HP: 33/36 MP: 5/8
  2132 | D:2      | Killed Natasha
  2147 | D:2      | Found a deep blue altar of Sif Muna.
  2155 | D:2      | Became a worshipper of Sif Muna the Loreminder
  2290 | D:2      | Noticed Natasha
  2309 | D:2      | Killed Natasha
  2364 | D:2      | Noticed Crazy Yiuf
  2398 | D:2      | Slain by Crazy Yiuf

Skill      XL: |  1  2  3  4 |
---------------+-------------+-----
Short Blades   | 1 |  1.5
Dodging        | 2 |  2.0
Fighting       | |  0.1
Stealth        | |  3.3
Spellcasting   | |  2.7
Summonings     | |  4.7

Action                   |  1- 3 |  4- 6 || total
-------------------------+-------+-------++-------
Melee: Unarmed           |     9 |       ||     9
       Dagger            |    78 |    16 ||    94
 Cast: Summon Small Mamm |    50 |     5 ||    55
       Call Imp          |     1 |     5 ||     6
       Call Canine Famil |       |     5 ||     5
  Use: Scroll            |     5 |     1 ||     6
       Potion            |     3 |       ||     3
 Stab: Sleeping          |     8 |       ||     8
       Distracted        |     1 |       ||     1
  Eat: Chunk             |     2 |       ||     2
       Ration            |     1 |       ||     1
Armor: Robe              |     9 |     1 ||    10
Dodge: Dodged            |    51 |     2 ||    53
Block: Other             |    22 |     3 ||    25
       Reflection        |     2 |       ||     2
